 Dungeon Crawl Stone Soup version 0.31-a0-195-g7586a6f1e9 (webtiles) character file.

Game seed: 13120241595172999612

58 qw the Shooter (level 3, 0/20 HPs)
             Began as a Deep Elf Hunter on June 24, 2023.
             Slain by a goblin
             ... wielding a +0 dagger
              (3 damage)
             ... on level 3 of the Dungeon.
             The game lasted 00:00:27 (1655 turns).

qw the Shooter (Deep Elf Hunter)                    Turns: 1655, Time: 00:00:28

Health: 0/20       AC: 11    Str: 10    XL:     3   Next: 76%
Magic:  5/5        EV: 11    Int: 13    God:
Gold:   63         SH:  0    Dex: 18    Spells: 2/2 levels left

rFire   . . .        e - +0 shortbow (heavy)
rCold   . . .        (shield currently unavailable)
rNeg    . . .        j - quicksilver dragon scales
rPois   .            (no helmet)
rElec   .            k - scarf {repulsion}
rCorr   .            (no gloves)
SInv    .            h - +1 pair of boots
Will    +....        (no amulet)
Stlth   +            (no ring)
HPRegen 0.23/turn    (no ring)
MPRegen 0.09/turn

%: repel missiles
@: about to teleport
A: no striking features
a: no special abilities


You were on level 3 of the Dungeon.
You visited 1 branch of the dungeon, and saw 3 of its levels.

You collected 63 gold pieces.


   Skills:
 - Level 1.5 Fighting
 - Level 7.0 Ranged Weapons
 + Level 0.9 Armour
 - Level 2.4 Dodging
 - Level 1.2 Stealth


You had 2 spell levels left.
You didn't know any spells.
Your spell library was empty.

Inventory:

Hand Weapons
 e - a +0 heavy shortbow (weapon)
Armour
 h - a +1 pair of boots (worn)
 j - quicksilver dragon scales (worn)
 k - a scarf of repulsion (worn)
Scrolls
 g - a scroll of identify
Potions
 c - a potion of degeneration {unknown}
 d - a potion of attraction {unknown}
 f - a potion of brilliance {unknown}

Dungeon Overview and Level Annotations

Branches:
Dungeon (3/15)

Altars:

Annotations:
D:3 2 runed translucent doors, Ijyb


Message History

The goblin is moderately wounded.
The goblin misses you. The goblin barely misses you. x2
You shoot an arrow. The arrow barely misses the goblin. x2
The goblin hits you but does no damage. x2
You shoot an arrow. The arrow hits Ijyb.
Ijyb is moderately wounded.
Ijyb hits you but does no damage. The goblin completely misses you.
The goblin hits you but does no damage.
You shoot an arrow. The arrow barely misses Ijyb.
Ijyb hits you with a +5 club. The goblin completely misses you.
The goblin barely misses you. The goblin hits you with a +0 dagger.
The goblin hits you but does no damage. Ijyb hits you with a +5 club.
The goblin hits you but does no damage. x2
You shoot an arrow. The arrow hits Ijyb.
Ijyb is moderately wounded.
Ijyb zaps a wand.
You resist with almost no effort. The goblin barely misses you.
The goblin hits you but does no damage. x2
Ijyb screams, "I no like you!" Ijyb barely misses you.
The goblin hits you with a +0 club. The goblin hits you but does no damage.
The goblin hits you with a +0 dagger.
You shoot an arrow. The arrow hits Ijyb but does no damage.
Ijyb is moderately wounded.
Ijyb misses you. The goblin hits you but does no damage.
The goblin closely misses you.
The goblin hits you but does no damage. x2
Ijyb zaps a wand.
You resist with almost no effort. The goblin hits you but does no damage.
The goblin hits you with a +0 dagger.
You shoot an arrow. The arrow hits Ijyb but does no damage.
Ijyb is moderately wounded.
Ijyb hits you with a +5 club. The goblin hits you but does no damage.
The goblin barely misses you. The goblin hits you but does no damage.
1654 ||| READING scroll of teleportation.
As you read the scroll of teleportation, it crumbles to dust.
You feel strangely unstable. Ijyb barely misses you.
The goblin barely misses you. The goblin hits you with a +0 club.
The goblin hits you but does no damage.
You shoot an arrow. The arrow closely misses Ijyb.
The arrow hits the goblin!!
You kill the goblin!
Ijyb hits you but does no damage. The goblin barely misses you.
The goblin hits you with a +0 dagger.
You die...

$$# #.. ++####... ##
.....#... ..
........# .#####
........# #.8.8.8
........# ##......)
.........###gg......
.........>..@g)..)..
..........###g......
.......#.## .......
.....<.#.# ..8.8.8
.......#.## ..#####
..........# .......
......)...##........
......#...##........
.....##...##.........


You could see Ijyb and 3 goblins.

Vanquished Creatures
  3 adders
  A worm (D:2)
  2 bats
  4 endoplasms
  A giant cockroach (D:3)
  6 goblins
  A hobgoblin (D:1)
  3 jackals (D:1)
  A kobold (D:1)
  A quokka (D:1)
  2 ball pythons (D:2)
  A frilled lizard (D:2)
  4 rats
30 creatures vanquished.

Notes
Turn   | Place    | Note
-------+----------+-------------------------------------------
     0 | D:1      | qw the Deep Elf Hunter began the quest for the Orb.
     0 | D:1      | Reached XP level 1. HP: 12/12 MP: 3/3
     0 | D:1      | 0 ||| qw: Version: 0.3-a-9-g12657ce
     0 | D:1      | 0 ||| qw: Game counter: 4747
     0 | D:1      | 0 ||| qw: Always use a shield: true
     0 | D:1      | 0 ||| qw: God list: Okawaru
     0 | D:1      | 0 ||| qw: Allow faded altars: false
     0 | D:1      | 0 ||| qw: Do Orc after D:15 true
     0 | D:1      | 0 ||| qw: Do second Lair branch before Depths: true
     0 | D:1      | 0 ||| qw: Lair rune preference: random
     0 | D:1      | 0 ||| qw: Plans: Normal
     0 | D:1      | 0 ||| PLANNING D:1-11
   189 | D:1      | Reached XP level 2. HP: 16/16 MP: 4/4
   304 | D:1      | Reached skill level 6 in Ranged Weapons
   732 | D:1      | 732 ||| UPGRADING to +1 pair of boots.
   737 | D:1      | 737 ||| UPGRADING to +0 ring mail of positive energy.
   747 | D:1      | 747 ||| DROPPING +0 leather armour.
   748 | D:1      | 748 ||| UPGRADING to scarf of repulsion.
   753 | D:1      | 753 ||| READING scroll labelled QAREFU MANANEKH.
   754 | D:1      | 754 ||| READING scroll labelled AREFUC BEKLU.
   758 | D:1      | 758 ||| READING scroll labelled KANAZA PEEPPU.
   759 | D:1      | 759 ||| DRINKING 2 fuming brown potions.
   864 | D:1      | 864 ||| DROPPING scroll of butterflies.
   865 | D:1      | 865 ||| DROPPING potion of berserk rage.
  1130 | D:2      | Reached XP level 3. HP: 20/20 MP: 5/5
  1538 | D:2      | 1538 ||| UPGRADING to quicksilver dragon scales.
  1548 | D:2      | 1548 ||| DROPPING +0 ring mail of positive energy.
  1549 | D:2      | 1549 ||| READING scroll labelled COMEKEDUIN.
  1550 | D:2      | 1550 ||| READING scroll labelled JOEMAX ICZE.
  1571 | D:3      | Reached skill level 7 in Ranged Weapons
  1637 | D:3      | Found a runed translucent gate.
  1637 | D:3      | Found a runed translucent gate.
  1645 | D:3      | Noticed Ijyb
  1653 | D:3      | HP: 5/20 [Ijyb/+5 club (4)]
  1654 | D:3      | 1654 ||| READING scroll of teleportation.
  1654 | D:3      | HP: 2/20 [goblin/+0 club (3)]
  1655 | D:3      | Slain by a goblin

Levels and vault maps discovered:
D:1:      sevenhm_arrival_forest_fort_small_3, layout_loops_ring
D:2:      layout_basic, kennysheep_big_empty_room
D:3:      kennysheep_the_goblin_king, layout_rooms,
          mainiacjoe_overflow_alcove_2, ebering_ghost_gozag,
          grunt_decor_junction, minmay_fractal_squares_diagonal_5

Skill      XL: |  1  2  3 |
---------------+----------+-----
Ranged Weapons | 6 7 |  7.0
Fighting       | |  1.5
Armour         | |  0.9
Dodging        | |  2.4
Stealth        | |  1.2

Action                     || total
---------------------------++-------
   Fire: Shortbow          ||    87
    Use: Scroll            ||     6
         Potion            ||     1
 Armour: Ring mail         ||    16
         Leather armour    ||     3
         Quicksilver drago ||    20
  Dodge: Dodged            ||    36

Table legend:
 A = Non-vault XP
 B = Vault XP
 C = Vault XP percentage of total XP
 D = Non-vault monster count
 E = Vault monster count
 F = Vault count percentage of total count
                 A         B        C        D         E       F
            +---------+---------+-------+---------+---------+-------
      Total |      81 |       5 |   5.8 |      27 |       3 |  10.0
            +---------+---------+-------+---------+---------+-------
        D:1 |      22 |       0 |   0.0 |      11 |       0 |   0.0
        D:2 |      40 |       0 |   0.0 |      10 |       0 |   0.0
        D:3 |      19 |       5 |  20.8 |       6 |       3 |  33.3
            +---------+---------+-------+---------+---------+-------
